 Dungeon Crawl Stone Soup version 0.31-a0-1074-g0b22e4e0f1 (webtiles) character file.

Game seed: 3748890198498262428

762 drugrobin the Cudgeller (level 7, -3/61 HPs)
             Began as a Demigod Delver on Dec 5, 2023.
             Slain by a two-headed ogre
             ... wielding a +0 giant club
              (18 damage)
             ... on level 5 of the Dungeon.
             The game lasted 00:12:47 (4574 turns).

drugrobin the Cudgeller (Demigod Delver)            Turns: 4574, Time: 00:12:48

Health: -3/61      AC:  8    Str: 17    XL:     7   Next: 26%
Magic:  11/11      EV: 12    Int: 12    God:
Gold:   90         SH:  0    Dex: 19    Spells: 1/7 levels left

rFire   . . .        c - +0 sling
rCold   . . .        (no shield)
rNeg    . . .        k - +0 leather armour
rPois   .            (no helmet)
rElec   .            (no cloak)
rCorr   .            n - +0 pair of gloves
SInv    .            (no boots)
Will    .....        (no amulet)
Stlth   ++           p - +4 ring of slaying
HPRegen 0.30/turn    u - +4 ring of protection
MPRegen 0.12/turn

%: no passive effects
@: very slow
A: high MP 1, forlorn, divine attributes
a: no special abilities


You were on level 5 of the Dungeon.
You visited 1 branch of the dungeon, and saw 5 of its levels.

You collected 252 gold pieces.
You spent 162 gold pieces at shops.

Inventory:

Hand Weapons
 a - a +2 dagger of venom
 b - a +0 flail
 c - a +0 sling (weapon)
 y - a +0 mace
Missiles
 m - 3 boomerangs
 C - 3 poisoned darts
Armour
 h - a +0 ring mail
 k - a +0 leather armour (worn)
 n - a +0 pair of gloves (worn)
Magical Staves
 z - a staff of cold
 A - a staff of death
Jewellery
 p - a +4 ring of slaying (left hand)
 u - a +4 ring of protection (right hand)
Talismans
 x - a beast talisman
Wands
 g - a wand of digging (3)
 I - a wand of charming (9)
Scrolls
 d - 3 scrolls of revelation
 e - 4 scrolls of fear
 i - 5 scrolls of blinking {unknown}
 l - a scroll of brand weapon {unknown}
 o - a scroll of fog
 q - a scroll of poison {unknown}
 r - 4 scrolls of identify {unknown}
 s - a scroll of acquirement {unknown}
 w - a scroll of enchant armour {unknown}
 D - a scroll of immolation {unknown}
 E - a scroll of noise {unknown}
Potions
 f - 3 potions of haste
 j - 4 potions of brilliance {unknown}
 t - a potion of attraction {unknown}
 v - 2 potions of mutation {unknown}
 B - a potion of berserk rage {unknown}
 F - 2 potions of ambrosia {unknown}
 G - a potion of invisibility {unknown}
 H - a potion of lignification


   Skills:
 + Level 5.4 Fighting
 + Level 6.1 Maces & Flails
 - Level 1.7 Dodging
 - Level 4.5 Stealth
 + Level 0.8 Spellcasting


You had one spell level left.
You knew the following spells:

 Your Spells              Type           Power      Damage    Failure   Level
a - Foxfire               Conj/Fire      0%         2x1d4     36%         1
b - Poisonous Vapours     Pois/Air       0%         N/A       50%         2
c - Swiftness             Air            0%         N/A       75%         3

Your spell library contained the following spells:

 Spells                   Type           Power      Damage    Failure   Level
 Slow                     Hex            0%         N/A       36%         1
 Ensorcelled Hibernation  Hex/Ice        0%         N/A       50%         2
 Passwall                 Tmut/Erth      0%         N/A       50%         2
 Summon Guardian Golem    Hex/Summ       0%         N/A       75%         3
 Dimensional Bullseye     Hex/Tloc       0%         N/A       98%         4
 Iskenderun's Mystic Bla  Conj/Tloc      0%         2d3       98%         4
 Alistair's Intoxication  Tmut/Pois      0%         N/A       100%        5
 Plasma Beam              Fire/Air       0%         2x1d10    100%        6
 Starburst                Conj/Fire      0%         6d3       100%        6


Dungeon Overview and Level Annotations

Branches:
Dungeon (5/15)
 Temple: D:4-7

Shops:
D:3 *   D:4 !?=!*

Annotations:
D:3 exclusion: adder
D:4 exclusion: adder


Innate Abilities, Weirdness & Mutations

You have an increased reservoir of magic. (+10% MP)
You shall have no god before yourself.
Your divine heritage dramatically boosts your attributes as you level up.


Message History

The sling bullet hits the two-headed ogre.
The two-headed ogre is lightly wounded.
Unknown command.
Fire: c) +0 sling
Press: ? - help, Q - select action, (/) - cycle Shift-Dir - straight line, f/p - two-headed ogre
Aim: a two-headed ogre, wielding a +0 giant club and a +0 giant spiked club (lightly wounded, 78% to hit)
You shoot a sling bullet.
The sling bullet hits the two-headed ogre but does no damage.
The two-headed ogre is lightly wounded.
Unknown command.
Okay, then.
Okay, then.
Unknown command.
Okay, then.
Unknown command.
Okay, then.
Unknown command.
Casting: Foxfire (safe; 36% risk of failure)
Confirm with . or Enter, or press ? or * to list all spells.
You conjure some foxfire!
Unknown command.
Your foxfire dissipates!
The foxfire hits the two-headed ogre but does no damage.
The two-headed ogre is lightly wounded.
The two-headed ogre is engulfed in a cloud of scalding steam.
The two-headed ogre attacks as it pursues you!
The two-headed ogre hits you with a +0 giant club!!
The two-headed ogre hits you with a +0 giant spiked club!
You enter the shallow water.
Moving in this stuff is going to be slow.
The two-headed ogre attacks as it pursues you!
The two-headed ogre misses you. The two-headed ogre barely misses you.
The two-headed ogre attacks as it pursues you!
The two-headed ogre closely misses you.
The two-headed ogre hits you with a +0 giant spiked club!
* * * LOW HITPOINT WARNING * * *
You enter the shallow water.
Moving in this stuff is going to be slow.
The two-headed ogre hits you with a +0 giant club!!
You die...

#.......#~##≈.~P.
#~~#...#
######..##~########
#§##..#####
##..##~##S$%P.
#..#.......
##..#.#≈≈..P.
+#.#.######
####.#≈~.~..
#.#.###### #.#≈S?P..
#~#....... #.##≈~.~.
##~########
##.########.### #
##~@O~~...##.#######
###########........
#.######. #.# #. #.#
## #.# # ##.#######
#.........
##.#######


You could see a two-headed ogre.

Vanquished Creatures
  An ogre (D:3)
  5 scorpions (D:4)
  2 hounds
  A jelly (D:5)
  A sleepcap (D:4)
  3 iguanas
  An orc wizard (D:4)
  9 adders
  A worm (D:2)
  3 dart slugs
  7 orcs
  9 bats
  8 endoplasms
  4 giant cockroaches
  5 hobgoblins
  7 quokkas
  5 ball pythons
  A frilled lizard (D:1)
  6 goblins
  7 kobolds
  A rat (D:1)
87 creatures vanquished.

Vanquished Creatures (others)
  10 foxfires
10 creatures vanquished.

Grand Total: 97 creatures vanquished

Notes
Turn   | Place    | Note
-------+----------+-------------------------------------------
     0 | D:5      | drugrobin the Demigod Delver began the quest for the Orb.
     0 | D:5      | Reached XP level 1. HP: 18/18 MP: 3/3
    54 | D:5      | Noticed an electric eel
    57 | D:5      | Noticed an electric eel
    57 | D:5      | Noticed an electric eel
   110 | D:5      | Reached skill level 2 in Maces & Flails
   121 | D:5      | Noticed an iguana
   161 | D:5      | Noticed an iguana
   309 | D:4      | Found Lumosh's Assorted Antiques.
   348 | D:4      | Found Peuczav's Distillery.
   580 | D:3      | Reached XP level 2. HP: 25/25 MP: 4/4
   825 | D:2      | Reached skill level 3 in Maces & Flails
   838 | D:2      | Reached XP level 3. HP: 30/30 MP: 5/5
  1848 | D:2      | Reached skill level 4 in Maces & Flails
  2240 | D:3      | Got the Reference Book on Burning and the Gift
  2274 | D:3      | Reached XP level 4. HP: 27/37 MP: 6/6
  2357 | D:3      | Found Jecuucy's Assorted Antiques.
  2365 | D:3      | Bought a scroll labelled NOWUYS USUNANU for 28 gold pieces
  2365 | D:3      | Bought a scroll labelled OKHLIO DAODAMUCVO for 28 gold
                  | pieces
  2365 | D:3      | Bought an inky potion for 25 gold pieces
  2365 | D:3      | Bought a dark potion for 25 gold pieces
  2638 | D:3      | Learned a level 1 spell: Foxfire
  2641 | D:3      | Learned a level 2 spell: Poisonous Vapours
  2659 | D:4      | Noticed an ogre
  2682 | D:3      | Killed an ogre
  2683 | D:3      | Reached XP level 5. HP: 13/45 MP: 2/7
  2884 | D:4      | Found Kuhos's Distillery.
  2887 | D:4      | Reached skill level 5 in Maces & Flails
  2893 | D:4      | Bought a potion of degeneration for 14 gold pieces
  2893 | D:4      | Bought a potion of lignification for 42 gold pieces
  3033 | D:4      | Found Uzuigub's Magic Scroll Emporium.
  3158 | D:4      | Reached XP level 6. HP: 52/52 MP: 8/8
  3275 | D:4      | Reached skill level 5 in Fighting
  3277 | D:4      | Reached XP level 7. HP: 61/61 MP: 9/9
  3523 | D:4      | Found Gaib's Jewellery Shoppe.
  4081 | D:5      | Reached skill level 6 in Maces & Flails
  4147 | D:5      | Learned a level 3 spell: Swiftness
  4418 | D:5      | Got Subloff's Quarto of Twisted Hexing
  4557 | D:5      | Noticed a two-headed ogre
  4574 | D:5      | Slain by a two-headed ogre

Illustrated notes

Levels and vault maps discovered:
D:1:      wander_arrival_desolate, layout_loops_ring,
          hellmonk_ecumenical_altar_arch_garden, minmay_misc_feat_hallway,
          minivault_26, minmay_unequal
D:2:      layout_loops_ring, glass_columns_c
D:3:      layout_basic, serial_shops, nicolae_square_shop
D:4:      old_forge, layout_loops_ring, elyvilon_altar_3,
          mainiacjoe_overflow_boulevard, serial_rivers,
          chequers_serial_rivers_micro_a, chequers_serial_rivers_small_3,
          chequers_serial_rivers_micro_d, chequers_serial_rivers_small_b,
          serial_shops, nicolae_shop_advertising_works
          [nicolae_subvault_shop_adworks], kennysheep_mini,
          nicolae_shop_peninsula, nicolae_shop_rolled_up, shop,
          minmay_misc_feat_tiny, kennysheep_generic_room_4
D:5:      cheibrodos_two_vegetables, layout_loops_ring

Skill      XL: |  1  2  3  4  5  6  7 |
---------------+----------------------+-----
Maces & Flails | 2 3 4 5 6 |  6.1
Fighting       | 3 4 5 |  5.4
Dodging        | |  1.7
Stealth        | |  4.5
Spellcasting   | |  0.8

Action                     |  1- 3 |  4- 6 |  7- 9 || total
---------------------------+-------+-------+-------++-------
  Melee: Mace              |    23 |       |       ||    23
         Flail             |    33 |       |    11 ||    44
         Dagger            |    18 |    73 |    35 ||   126
   Fire: Sling             |    15 |     1 |    11 ||    27
  Throw: Dart              |       |     1 |       ||     1
   Cast: Foxfire           |       |     4 |     4 ||     8
   Stab: Sleeping          |     9 |     6 |     2 ||    17
 Armour: Leather armour    |    16 |    23 |    35 ||    74
         Ring mail         |    12 |     3 |       ||    15
  Dodge: Dodged            |    32 |    36 |    36 ||   104

Table legend: (Time is in decaauts)
 A = Elapsed time spent in this place.
 B = Non-inter-level travel time spent in this place.
 C = Inter-level travel time spent in this place.
 D = Time resting spent in this place.
 E = Time spent auto-exploring this place.
 F = Levels seen in this place.
 G = Mean time per level.
                   A        B        C        D        E       F      G
               +--------+--------+--------+--------+--------+-----+--------+
         Total |   4613 |   4489 |    124 |    182 |   2978 |   5 |  922.6 |
       Dungeon |   4613 |   4489 |    124 |    182 |   2978 |   5 |  922.6 |
               +--------+--------+--------+--------+--------+-----+--------+

Top non-repeatable levels by time:
     D:4: 1367 daAuts
     D:5: 851 daAuts
     D:3: 842 daAuts
     D:1: 785 daAuts
     D:2: 766 daAuts
